 Dungeon Crawl Stone Soup version 0.22-a0-571-g4a923d4 (webtiles) character file.

13 Omega the Skirmisher (level 2, -2/24 HPs)
             Began as a Demonspawn Abyssal Knight on July 1, 2018.
             Was a Follower of Lugonu.
             Slain by a gnoll
             ... wielding a +0 spear
              (6 damage)
             ... on level 1 of the Dungeon.
             The game lasted 00:02:51 (842 turns).

Omega the Skirmisher (Demonspawn Abyssal Knight)     Turns: 842, Time: 00:02:52

Health: -2/24      AC:  3    Str: 12    XL:     2   Next: 24%
Magic:  3/3        EV: 11    Int: 13    God:    Lugonu [*.....]
Gold:   37         SH:  0    Dex: 12    Spells: 1/1 levels left

rFire    + . .     SeeInvis .   a - +1 mace
rCold    . . .     Gourm    .   (no shield)
rNeg     . . .     Faith    .   b - +0 leather armour
rPois    .         Spirit   .   (no helmet)
rElec    .         Reflect  .   (no cloak)
rCorr    .         Harm     .   (no gloves)
MR       .....                  (no boots)
Stlth    +.........             (no amulet)
HPRegen  0.08/turn              (no ring)
MPRegen  0.08/turn              (no ring)

@: no status effects
A: fire resistance 1
a: Depart the Abyss, Renounce Religion


You were on level 1 of the Dungeon.
You worshipped Lugonu.
Lugonu was aware of your devotion.
You were not hungry.

You visited 1 branch of the dungeon, and saw 1 of its levels.
You visited the Abyss 1 time.

You collected 37 gold pieces.

Inventory:

Hand Weapons
 a - a +1 mace (weapon)
Armour
 b - a +0 leather armour (worn)
Scrolls
 d - a scroll of fear {unknown}
 e - a scroll of identify {unknown}
 f - a scroll of teleportation {unknown}
 h - 2 scrolls of remove curse {unknown}
 i - a scroll of magic mapping {unknown}
 j - a scroll of amnesia {unknown}
 k - a scroll of enchant weapon {unknown}
Potions
 g - 3 potions of curing {unknown}
 l - a potion of heal wounds {unknown}
Comestibles
 c - 3 rations


   Skills:
 + Level 3.4 Fighting
 + Level 2.0 Maces & Flails
 + Level 2.0 Armour
 + Level 0.8 Dodging
 + Level 2.5 Invocations


You had one spell level left.
You didn't know any spells.
Your spell library was empty.

Dungeon Overview and Level Annotations

Branches:
Dungeon (1/15)

Altars:


Innate Abilities, Weirdness & Mutations

Your flesh is heat resistant. (rF+)


Message History

The gnoll shouts!
You hear a shout!
A kobold comes into view. It is wielding a short sword.
The gnoll hits you from afar with a spear.
The gnoll hits you with a spear.
You hit the gnoll.
The gnoll is moderately wounded.
The gnoll hits you but does no damage.
You closely miss the gnoll.
The gnoll is moderately wounded.
The gnoll hits you with a spear.
You hit the gnoll.
The gnoll is heavily wounded.
The gnoll hits you but does no damage. The gnoll hits you with a spear.
* * * LOW HITPOINT WARNING * * *
You hit the gnoll but do no damage.
The gnoll is heavily wounded.
The kobold hits you with a short sword.
* * * LOW HITPOINT WARNING * * *
The gnoll hits you with a spear.
You die...

#......# #.####.#
## #.####.## .
#.##....# $#
#.##.#..# ###.###
##.##.#..#
#.....#
#........######.#
#†###.##........#
#.###.#########@#
#.#...#
#....Kg.......
#.#.#.#
#.......##..##
#.#.#.# #.......#
.. #.....#
#.......# ####.##
#.......# #(#
#.......# #.#
##.......# #.#
#.....


You could see a gnoll and a kobold.

Vanquished Creatures
  2 goblins (D:1)
  2 hobgoblins (D:1)
  A bat (D:1)
  2 frilled lizards (D:1)
  5 kobolds (D:1)
  A rat (D:1)
13 creatures vanquished.

Notes
Turn   | Place    | Note
-------+----------+-------------------------------------------
     0 | Abyss:1  | Omega the Demonspawn Abyssal Knight began the quest for the Orb.
     0 | Abyss:1  | Reached XP level 1. HP: 18/18 MP: 2/2
    11 | D:1      | Escaped the Abyss
    14 | D:1      | Noticed a naga
    14 | D:1      | Noticed a demigod
    16 | D:1      | Noticed a tengu
    16 | D:1      | Noticed a gargoyle
    18 | D:1      | Noticed a spriggan
    20 | D:1      | Noticed a centaur
    20 | D:1      | Noticed a troll
    22 | D:1      | Noticed a ghoul
    22 | D:1      | Noticed an octopode
    24 | D:1      | Noticed an elf
    24 | D:1      | Noticed an ogre
    26 | D:1      | Noticed a dwarf
    26 | D:1      | Noticed a formicid
    28 | D:1      | Noticed a merfolk
    28 | D:1      | Noticed a felid
    30 | D:1      | Noticed a vine stalker
    30 | D:1      | Noticed a halfling
    32 | D:1      | Noticed a draconian
    34 | D:1      | Noticed a demonspawn
    34 | D:1      | Noticed a minotaur
    36 | D:1      | Noticed a human
    38 | D:1      | Noticed a vampire
   569 | D:1      | Gained mutation: Your flesh is heat resistant. (rF+) [demonic ancestry]
   569 | D:1      | Reached XP level 2. HP: 23/24 MP: 3/3
   842 | D:1      | Slain by a gnoll

Vault maps used:
D:1:      kb_arrival_jail, minmay_tetromino_i2

Skill      XL: |  1  2 |
---------------+-------+-----
Armour         | 2 |  2.0
Maces & Flails | 2 |  2.0
Fighting       | |  3.4
Dodging        | |  0.8
Invocations    | |  2.5

Action                   || total
-------------------------++-------
Melee: Mace              ||    43
Armor: Leather armour    ||    14
Dodge: Dodged            ||    33

Table legend:
 A = Spawn XP
 B = Non-spawn XP
 C = Spawn XP percentage of total XP
 D = Spawn monster count
 E = Non-spawn monster count
 F = Spawn count percentage of total count
 G = Total turns spent on level
                    A         B        C        D         E        F      G
               +---------+---------+-------+---------+---------+-------+---------
         Total |       0 |      19 |   0.0 |       0 |      13 |   0.0 |   842
               +---------+---------+-------+---------+---------+-------+---------
           D:1 |       0 |      19 |   0.0 |       0 |      13 |   0.0 |   831
               +---------+---------+-------+---------+---------+-------+---------
